 Dungeon Crawl Stone Soup version 0.23.2-30-g0e89c35649 (webtiles) character file.

Game seed: 10454838539655325750

224 shadizar the Shield-Bearer (level 6, -2/38 HPs)
             Began as a Gargoyle Fighter on June 8, 2019.
             Slain by Pikel
             ... wielding a +0 whip of freezing
              (4 damage)
             ... on level 4 of the Dungeon.
             The game lasted 00:02:44 (2297 turns).

shadizar the Shield-Bearer (Gargoyle Fighter)       Turns: 2297, Time: 00:02:45

Health: -2/38      AC:  0    Str: 22    XL:     6   Next: 0%
Magic:  6/6        EV: 18    Int:  8    God:
Gold:   145        SH:  0    Dex: 14    Spells: 5/5 levels left

rFire    . . .     SeeInvis .   (weapon currently unavailable)
rCold    . . .     Gourm    .   (shield currently unavailable)
rNeg     + . .     Faith    .   (armour currently unavailable)
rPois    ∞         Spirit   .   (helmet currently unavailable)
rElec    .         Reflect  .   (cloak currently unavailable)
rCorr    .         Harm     .   (gloves currently unavailable)
MR       .....                  (boots currently unavailable)
Stlth    +.........             (no amulet)
HPRegen  0.12/turn              (ring currently unavailable)
MPRegen  0.10/turn              (ring currently unavailable)

@: bat-form, flying, very quick
A: tiny, negative energy resistance 1, petrification resistance, rot immunity,
AC +4
a: no special abilities


You were on level 4 of the Dungeon.
You were not hungry.
You were in bat-form.
You visited 1 branch of the dungeon, and saw 4 of its levels.

You collected 145 gold pieces.

Inventory:

Hand Weapons
 a - a +0 flail (melded)
 p - a +0 morningstar
 y - a +0 mace of protection
Armour
 b - a +0 scale mail (melded)
 c - a +0 shield (melded)
 u - a +1 pair of boots
Jewellery
 g - a cursed ring of attention {unknown}
 t - an uncursed amulet of magic regeneration {unknown}
 w - an uncursed amulet of the gourmand {unknown}
Wands
 v - a wand of flame (14)
Scrolls
 j - 4 scrolls of teleportation {unknown}
 m - a scroll of amnesia {unknown}
 q - 2 scrolls of identify {unknown}
 r - a scroll of fear {unknown}
 s - a scroll of blinking {unknown}
 x - a scroll of remove curse {unknown}
 A - a scroll of enchant armour {unknown}
Potions
 d - a potion of might
 e - 2 potions of flight {unknown}
 h - a potion of curing {unknown}
 i - 2 potions of invisibility {unknown}
 k - a potion of ambrosia {unknown}
 l - a potion of lignification {unknown}
 n - 2 potions of agility {unknown}
 o - a potion of heal wounds {unknown}
Comestibles
 f - 3 rations


   Skills:
 + Level 4.0 Fighting
 + Level 4.0 Maces & Flails
 + Level 3.8 Armour
 + Level 1.0 Dodging
 + Level 0.4 Stealth
 + Level 4.5 Shields


You had 5 spell levels left.
You didn't know any spells.
Your spell library contained the following spells:

 Spells                   Type           Power        Failure   Level  Hunger
 Beastly Appendage        Tmut           #.....       41%         1    ##.....
 Sticks to Snakes         Tmut           #.......     54%         2    ###....
 Spider Form              Tmut/Pois      #.........   78%         3    ####...
 Ice Form                 Ice/Tmut       #.......     99%         4    #####..
 Blade Hands              Tmut           #.........   100%        5    ######.


Dungeon Overview and Level Annotations

Branches:
Dungeon (4/15)
 Temple: D:4-7

Altars:
Cheibriados
Nemelex Xobeh
Wu Jian

Annotations:
D:3 Sigmund
D:4 Pikel


Innate Abilities, Weirdness & Mutations

You are resistant to torment.
((Your stone body is resilient. (AC +4)))
You are immune to poison.
You resist negative energy. (rN+)
((You are resistant to electric shocks. (rElec)))
((You can survive without breathing.))
You are immune to petrification.
You are immune to rotting.


Message History

Your +0 shield melds into your body.
Your +0 scale mail melds into your body.
You hit Pikel.
Pikel is almost dead.
Pikel hits you with a +0 whip of freezing.
* * * LOW HITPOINT WARNING * * *
Pikel freezes you.
* * * LOW HITPOINT WARNING * * *
You barely miss Pikel.
Pikel is almost dead.
Pikel barely misses you.
You hit Pikel but do no damage.
Pikel is almost dead.
Pikel zaps a wand.
You hit Pikel.
Pikel is almost dead.
Pikel hits you with a +0 whip of freezing!
* * * LOW HITPOINT WARNING * * *
Pikel freezes you.
You die...

....## #### .....###..###
.....##.....## ....÷÷.......#
.# ......[......## #.##
....##).......# ##...
...##.........# ##..#
.####.........#### ##..### ##
#...[.......b########p....##
#
#..........##Kppp..#.......##
#.........#####p.#...$....[.#
##.........# ##.⌠.⌠.........
#.#.....#### #.._?.........
#.####### ##⌠.⌠......... ##.#
##.#......... #.######
#........... ###.##....
###.........


You could see Pikel and 4 slaves.

Vanquished Creatures
  A hound (D:4)
  An orc priest (D:4)
  A worker ant (D:4)
  2 gnolls
  4 adders (D:2)
  An ooze (D:4)
  A worm (D:2)
  4 dart slugs
  4 leopard geckos
  2 orcs (D:4)
  2 giant cockroaches
  5 goblins
  6 hobgoblins
  6 jackals
  2 quokkas
  A ball python (D:3)
  4 bats
  4 frilled lizards
  10 kobolds
  10 rats
71 creatures vanquished.

Notes
Turn   | Place    | Note
-------+----------+-------------------------------------------
     0 | D:1      | shadizar the Gargoyle Fighter began the quest for the Orb.
     0 | D:1      | Reached XP level 1. HP: 14/14 MP: 1/1
   108 | D:1      | Reached XP level 2. HP: 20/20 MP: 2/2
   443 | D:1      | Reached XP level 3. HP: 24/24 MP: 3/3
   731 | D:2      | Found an ornate altar of the Wu Jian Council.
   913 | D:2      | Reached XP level 4. HP: 28/29 MP: 4/4
  1045 | D:2      | Found a snail-covered altar of Cheibriados.
  1261 | D:2      | Reached XP level 5. HP: 29/33 MP: 5/5
  1578 | D:3      | Noticed Sigmund
  2217 | D:4      | Found a sparkling altar of Nemelex Xobeh.
  2230 | D:4      | Noticed a slave
  2231 | D:4      | Noticed Pikel
  2231 | D:4      | Noticed a slave
  2231 | D:4      | Noticed a slave
  2232 | D:4      | Noticed a slave
  2262 | D:4      | Reached skill level 1 in Dodging
  2271 | D:4      | Reached XP level 6. HP: 22/38 MP: 6/6
  2297 | D:4      | Slain by Pikel

Skill      XL: |  1  2  3  4  5 |
---------------+----------------+-----
Maces & Flails | 3 4 |  4.0
Shields        | 4 |  4.5
Fighting       | 4 |  4.0
Dodging        | 1 |  1.0
Armour         | |  3.8
Stealth        | |  0.4

Action                   |  1- 3 |  4- 6 || total
-------------------------+-------+-------++-------
Melee: Flail             |   122 |   179 ||   301
       Unarmed           |       |     4 ||     4
  Eat: Chunk             |       |     5 ||     5
Armor: Scale mail        |    86 |   121 ||   207
       Skin              |       |    13 ||    13
Dodge: Dodged            |    50 |    68 ||   118
Block: Shield            |    75 |   116 ||   191
